 Dungeon Crawl Stone Soup version 0.31-a0-176-g91f28db67f (webtiles) character file.

Game seed: 8253186758263978410

101708 qw the Severer (level 16, -10/108 HPs)
             Began as a Gargoyle Fighter on June 17, 2023.
             Was an Elder of Okawaru.
             Mangled by an orc warrior
             ... wielding a +0 trident
              (15 damage)
             ... while paralysed by an orc sorcerer
             ... on level 2 of the Orcish Mines.
             The game lasted 00:14:47 (25003 turns).

qw the Severer (Gargoyle Fighter)                  Turns: 25003, Time: 00:14:47

Health: -10/108    AC: 34    Str: 27    XL:     16   Next: 31%
Magic:  23/23      EV:  2    Int: 10    God:    Okawaru [****..]
Gold:   1981       SH:  0    Dex:  9    Spells: 15/15 levels left

rFire   + . .        c - +3 war axe (vamp)
rCold   . . .        x - +0 kite shield
rNeg    + . .        G - +2 chain mail {rF+}
rPois   inf          l - +2 helmet
rElec   +            b - scarf {repulsion}
rCorr   .            v - +0 pair of gloves {hurl}
SInv    +            a - +0 pair of boots
Will    +....        s - amulet of faith Stlth
                     t - +5 ring of evasion
HPRegen 0.38/turn    q - ring of see invisible
MPRegen 0.18/turn

%: repel missiles, faith
@: paralysed, heroic, flying
A: sickness immunity, AC +12, big wings, negative energy resistance 1,
electricity resistance, torment resistance 1, petrification resistance
a: Renounce Religion, Heroism, Finesse


You were on level 2 of the Orcish Mines.
You worshipped Okawaru.
Okawaru was greatly pleased with you.
You visited 4 branches of the dungeon, and saw 23 of its levels.
You also visited: Ossuary.

You collected 2447 gold pieces.
You spent 466 gold pieces at shops.


Innate Abilities, Weirdness & Mutations

You are immune to sickness and miasma.
Your stone body is resilient. (AC +12)
You are immune to poison.
Your large and strong wings let you fly.
You resist negative energy. (rN+)
You are resistant to electric shocks. (rElec)
You are resistant to unholy torment.
You are immune to petrification.


   Skills:
 - Level 15.0(20.0) Fighting
 - Level 16.0(21.0) Axes
 - Level 6.3(11.3) Throwing
 - Level 11.0(16.0) Armour
 - Level 4.1(9.1) Dodging
 + Level 12.7(17.7) Shields
 - Level 10.0 Invocations


You had 15 spell levels left.
You didn't know any spells.
Your spell library was empty.

Inventory:

Hand Weapons
 c - a +3 vampiric war axe (weapon)
 j - a +2 spectral war axe
 r - a +0 broad axe of electrocution
 B - a +0 morningstar
Missiles
 f - 2 boomerangs (quivered)
 I - 2 javelins
Armour
 a - a +0 pair of boots (worn)
 b - a scarf of repulsion (worn)
 l - a +2 helmet (worn)
 v - a +0 pair of gloves of hurling (worn)
 x - a +0 kite shield (worn)
 y - +0 acid dragon scales
 D - the +0 chain mail "Apiaghol" {Will+ Str+3}
   (You found it on level 10 of the Dungeon)

   Str:       It affects your strength (+3).
   Will:      It increases your willpower.
 G - a +2 chain mail of fire resistance (worn)
 H - a +6 plate armour of ponderousness
Jewellery
 q - a ring of see invisible (right hand)
 s - an amulet of faith (around neck)
 t - a +5 ring of evasion (left hand)
 w - a +6 ring of dexterity
 A - a ring of protection from fire
 F - a ring of protection from fire
Wands
 k - a wand of digging (16)
Scrolls
 h - 10 scrolls of teleportation
 i - 13 scrolls of identify
Potions
 d - 7 potions of might
 g - a potion of haste
 m - 3 potions of mutation
 n - 4 potions of curing
 o - 6 potions of heal wounds
 p - 3 potions of enlightenment
 u - 6 potions of lignification
 z - a potion of resistance
 C - a potion of magic
 E - a potion of cancellation

Dungeon Overview and Level Annotations

Branches:
Dungeon (15/15)            Temple (1/1) D:7            Lair (5/5) D:8
  Swamp (0/4) Lair:2        Snake (0/4) Lair:2        Slime (0/5) Lair:5
    Orc (2/2) D:11         Vaults (0/5) D:13         Depths (0/4) D:15
Ossuary (visited)
    Elf: Orc:2

Altars:
Ashenzari
Cheibriados
Dithmenos
Elyvilon
Fedhas
Gozag
Hepliaklqana
Kikubaaqudgha
Makhleb
Nemelex Xobeh
Okawaru
Qazlal
Ru
Sif Muna
Trog
Uskayaw
Vehumet
Wu Jian
Xom
Yredelemnul
Zin
The Shining One
Jiyva

Shops:
D:1 ?   D:5 *

Annotations:
D:5 3 runed translucent doors, qw's ghost, novice GrFi
D:6 1 runed translucent door, Crazy Yiuf


Message History

The orc wizard gestures wildly while chanting.
The orc wizard flickers and vanishes for a moment.
The orc wizard mumbles some strange words.
The orc wizard flickers and vanishes for a moment.
You block the smoke demon's attack. The smoke demon misses you.
The smoke demon hits you but does no damage.
You hit the smoke demon but do no damage.
The smoke demon is almost dead.
You closely miss the orc wizard.
You hit the orc knight but do no damage.
You slash the orc sorcerer!
The orc wizard gestures wildly while chanting.
The orc wizard flickers and vanishes for a moment.
The orc sorcerer casts a spell at you. The bolt of fire hits you! You resist.
The orc warrior misses you.
You hit the smoke demon but do no damage.
The smoke demon is almost dead.
You hit the orc knight but do no damage.
You slash the orc wizard! You closely miss the orc sorcerer.
The smoke demon closely misses you. You block the smoke demon's attack. x2
The orc wizard closely misses you.
The orc priest looks braver for a moment.
The orc warrior hits you from afar with a +0 trident!!
The orc knight completely misses you. The orc sorcerer casts a spell at you.
You suddenly lose the ability to move!
The smoke demon hits you but does no damage. x3
The orc wizard casts a spell at you.
The magic dart hits you but does no damage.
The orc warrior hits you with a +2 battleaxe of flaming.
The orc warrior hits you but does no damage.
The orc knight hits you with a +3 battleaxe!!
The smoke demon hits you but does no damage. x3
The orc warrior hits you but does no damage.
The orc warrior barely misses you.
The orc knight hits you with a +3 battleaxe!
The smoke demon hits you but does no damage. x3
The orc knight hits you with a +3 battleaxe!!
The orc warrior hits you from afar with a +0 trident!
You die...

################
##..#..#..#.#....
##................
#.#.......o.....$.
..........ooo.....
.........@3o.....
##.......ooo......
#....#....ooo.....
#......<..........
..................
...$..............
.....#......#.....
..................
..........$......


You could see 2 orc knights, a smoke demon (summoned), an orc sorcerer (strong),
2 orc warriors, an orc priest (strong), 4 orc wizards and an orc (strong).

Vanquished Creatures
  Rupert (D:15)
  Kirke (Lair:3)
  Roxanne (D:15)
  A juggernaut zombie (D:15)
  An orc warlord (Orc:1)
  A fire dragon (Lair:5)
  8 hydras
  3 centaur warriors (D:15)
  2 dancing weapons (D:13)
  9 boulder beetles
  A tengu warrior (D:14)
  3 two-headed ogres
  A vampire mage (D:15)
  18 death yaks
  2 orc high priests (Orc:1)
  Nergalle (Lair:2)
  A golden dragon zombie (D:15)
  A deep troll (shapeshifter) (D:15)
  6 skeletal warriors (D:15)
  A swamp dragon (Lair:5)
  A necromancer (D:15)
  Pikel (D:7)
  5 deep elf pyromancers
  2 manticores
  An orc sorcerer (Orc:1)
  13 elephants
  12 ugly things
  A stone giant skeleton (D:15)
  2 cyclopes
  A frost giant skeleton (D:15)
  4 black mambas
  A torpor snail (Lair:5)
  A gargoyle (D:14)
  3 rime drakes
  10 cane toads
  2 efreet
  A kobold demonologist (D:9)
  2 tengu conjurers
  12 komodo dragons
  3 unseen horrors
  7 trolls
  A meliai (shapeshifter) (D:14)
  11 polar bears
  22 blink frogs
  Grinder (D:6)
  A raiju (Lair:5)
  20 slime creatures
  3 water elementals (D:15)
  3 wyverns
  A vampire (D:12)
  7 basilisks
  7 wraiths
  39 yaks
  Eustachio (D:6)
  5 hogs (Lair:3)
  15 vampire mosquitoes
  3 steam dragons
  5 wargs
  3 nagas (Lair:2)
  Menkaure (D:7)
  8 acid dragons
  Edmund (D:6)
  12 water moccasins
  Duvessa (D:7)
  16 hell hounds (Lair:5)
  An ice beast (D:7)
  A swamp drake (Lair:5)
  13 black bears
  9 orc warriors
  6 ogres
  26 wolves
  7 centaurs
  3 phantoms
  2 kobold brigands
  A lemure (D:7)
  9 bullfrogs
  A necrophage (D:6)
  A gnoll sergeant (D:5)
  3 scorpions
  A water moccasin zombie (Ossuary)
  Dowan (D:7)
  5 wights
  10 killer bees (D:11)
  3 electric eels
  7 howler monkeys
  7 bullfrog zombies
  4 centaur zombies
  A jelly (D:8)
  13 orc priests
  A hound (D:5)
  A human zombie (D:6)
  17 orc wizards
  2 sleepcaps
  Natasha (thrice) (D:3)
  15 iguanas
  A scorpion zombie (Ossuary)
  A killer bee zombie (D:6)
  An ogre zombie (Ossuary)
  2 mummies (D:6)
  11 adders
  9 gnolls
  2 shadow imps
  3 ufetubi
  2 adder zombies (Ossuary)
  3 worms (D:2)
  4 dart slugs
  69 orcs
  8 ball pythons
  4 bats
  12 endoplasms
  5 giant cockroaches
  A gnoll zombie (Ossuary)
  10 goblins
  2 hobgoblins
  4 jackals (D:1)
  20 kobolds
  8 quokkas
  A frilled lizard (D:1)
  2 goblin zombies (Ossuary)
  5 hobgoblin zombies (Ossuary)
  4 orc zombies (Ossuary)
  8 rats
711 creatures vanquished.

Vanquished Creatures (others)
  An orc wizard (D:4)
  4 spectral weapons
5 creatures vanquished.

Grand Total: 716 creatures vanquished

Notes
Turn   | Place    | Note
-------+----------+-------------------------------------------
     0 | D:1      | qw the Gargoyle Fighter began the quest for the Orb.
     0 | D:1      | Reached XP level 1. HP: 14/14 MP: 1/1
     0 | D:1      | 0 ||| qw: Version: 0.3-a-5-g6f28e65
     0 | D:1      | 0 ||| qw: Game counter: 481
     0 | D:1      | 0 ||| qw: Always use a shield: true
     0 | D:1      | 0 ||| qw: God list: Okawaru
     0 | D:1      | 0 ||| qw: Allow faded altars: false
     0 | D:1      | 0 ||| qw: Do Orc after D:15 true
     0 | D:1      | 0 ||| qw: Do second Lair branch before Depths: true
     0 | D:1      | 0 ||| qw: Lair rune preference: random
     0 | D:1      | 0 ||| qw: Plans: Normal, Zot:1-4, Slime:5, God:TSO, Crypt,
                  | Tomb, Abyss, Pan, Hells, Win
     0 | D:1      | 0 ||| PLANNING D:1-11
    23 | D:1      | 23 ||| Stepping ~*~*~tactically~*~*~ (stealth).
    32 | D:1      | Reached skill level 2 in Axes
    84 | D:1      | Reached XP level 2. HP: 11/19 MP: 2/2
   174 | D:1      | 174 ||| Stepping ~*~*~tactically~*~*~ (stealth).
   220 | D:1      | 220 ||| DROPPING +0 club.
   367 | D:1      | Reached skill level 3 in Axes
   403 | D:1      | 403 ||| Stepping ~*~*~tactically~*~*~ (stealth).
   407 | D:1      | Reached XP level 3. HP: 23/23 MP: 3/3
   584 | D:1      | Found a faded altar of an unknown god.
   730 | D:1      | Found Sikalel's Magic Scroll Shoppe.
   733 | D:1      | 733 ||| SHOPLISTING scroll of enchant armour (97 gold, have
                  | 67).
   733 | D:1      | 733 ||| SHOPLISTING scroll of enchant weapon (97 gold, have
                  | 67).
   733 | D:1      | 733 ||| BUYING scroll of identify (26 gold).
   733 | D:1      | Bought a scroll of identify for 26 gold pieces
   820 | D:1      | 820 ||| READING scroll labelled ONEEG OBETHOR.
   821 | D:1      | 821 ||| READING scroll labelled ZIFIEPRELYG.
   822 | D:1      | 822 ||| READING scroll labelled ACESYR FASECWA.
   823 | D:1      | 823 ||| READING 2 scrolls of identify.
   823 | D:1      | 823 ||| IDENTIFYING golden potion
   835 | D:2      | Found a burning altar of Makhleb.
  1014 | D:2      | Reached XP level 4. HP: 9/28 MP: 4/4
  1331 | D:2      | Reached skill level 4 in Axes
  1514 | D:2      | 1514 ||| Stepping ~*~*~tactically~*~*~ (hiding).
  1756 | D:2      | 1756 ||| UPGRADING to +2 helmet.
  1761 | D:2      | 1761 ||| UPGRADING to +6 ring of dexterity.
  1762 | D:2      | 1762 ||| READING scroll labelled CUTZEA FAIFESO.
  1765 | D:2      | 1765 ||| READING scroll labelled CERIZI WOSOU.
  1923 | D:3      | Noticed Natasha
  1924 | D:3      | 1924 ||| Stepping ~*~*~tactically~*~*~ (hiding).
  1931 | D:3      | Killed Natasha
  1932 | D:3      | Reached skill level 1 in Dodging
  1932 | D:3      | Reached XP level 5. HP: 29/32 MP: 5/5
  1956 | D:3      | Noticed Natasha
  1957 | D:3      | 1957 ||| Stepping ~*~*~tactically~*~*~ (stealth).
  1966 | D:3      | Killed Natasha
  2184 | D:3      | Noticed Natasha
  2185 | D:3      | 2185 ||| Stepping ~*~*~tactically~*~*~ (stealth).
  2187 | D:3      | 2187 ||| Stepping ~*~*~tactically~*~*~ (hiding).
  2197 | D:3      | Killed Natasha
  2740 | D:3      | 2740 ||| READING scroll labelled VEATHR NIEDUOMI.
  2741 | D:3      | 2741 ||| DRINKING 2 glowing grey potions.
  2750 | D:3      | 2750 ||| READING 2 scrolls of identify.
  2750 | D:3      | 2750 ||| IDENTIFYING sedimented cyan potion
  2751 | D:3      | 2751 ||| DROPPING potion of ambrosia.
  2777 | D:4      | 2777 ||| STAIRDANCE
  2783 | D:3      | Reached skill level 5 in Axes
  2783 | D:3      | Reached XP level 6. HP: 27/37 MP: 6/6
  2839 | D:4      | 2839 ||| Stepping ~*~*~tactically~*~*~ (stealth).
  2864 | D:4      | 2864 ||| DROPPING +0 whip.
  2905 | D:4      | 2905 ||| DROPPING +0 mace.
  2941 | D:4      | 2941 ||| Stepping ~*~*~tactically~*~*~ (hiding).
  2947 | D:4      | 2947 ||| DRINKING potion of curing.
  2947 | D:4      | 2947 ||| (to cure confusion)
  3035 | D:4      | Noticed a black bear
  3042 | D:4      | Killed a black bear
  3043 | D:4      | Reached skill level 6 in Axes
  3106 | D:4      | Reached XP level 7. HP: 43/43 MP: 7/7
  3211 | D:4      | 3211 ||| Stepping ~*~*~tactically~*~*~ (stealth).
  3289 | D:4      | 3289 ||| Stepping ~*~*~tactically~*~*~ (hiding).
  3312 | D:4      | 3312 ||| DROPPING +0 flail.
  3455 | D:4      | Found an ancient bone altar of Kikubaaqudgha.
  3899 | D:4      | 3899 ||| Stepping ~*~*~tactically~*~*~ (hiding).
  3913 | D:4      | Reached skill level 7 in Axes
  4030 | D:4      | 4030 ||| Stepping ~*~*~tactically~*~*~ (hiding).
  4268 | D:4      | 4268 ||| UPGRADING to +0 pair of boots.
  4273 | D:4      | 4273 ||| READING scroll labelled VYBEME TICYAG.
  4274 | D:4      | 4274 ||| READING scroll labelled PUCAAT YCOP.
  4275 | D:4      | 4275 ||| READING 3 scrolls of identify.
  4275 | D:4      | 4275 ||| IDENTIFYING yellow potion
  4276 | D:4      | 4276 ||| READING 2 scrolls of identify.
  4276 | D:4      | 4276 ||| IDENTIFYING white potion
  4277 | D:4      | 4277 ||| DROPPING potion of degeneration.
  4353 | D:5      | Entered Level 5 of the Dungeon
  4369 | D:5      | Reached skill level 1 in Throwing
  4415 | D:5      | 4415 ||| FLEEEEING.
  4416 | D:5      | 4416 ||| FLEEEEING.
  4417 | D:5      | 4417 ||| FLEEEEING.
  4418 | D:5      | 4418 ||| FLEEEEING.
  4419 | D:5      | 4419 ||| FLEEEEING.
  4420 | D:5      | 4420 ||| FLEEEEING.
  4421 | D:5      | 4421 ||| FLEEEEING.
  4422 | D:5      | 4422 ||| FLEEEEING.
  4423 | D:5      | 4423 ||| FLEEEEING.
  4424 | D:5      | 4424 ||| FLEEEEING.
  4425 | D:5      | 4425 ||| FLEEEEING.
  4426 | D:5      | 4426 ||| FLEEEEING.
  4427 | D:5      | 4427 ||| FLEEEEING.
  4439 | D:5      | 4439 ||| STAIRDANCE
  4443 | D:5      | 4443 ||| STAIRDANCE
  4447 | D:5      | 4447 ||| STAIRDANCE
  4451 | D:5      | 4451 ||| STAIRDANCE
  4456 | D:5      | 4456 ||| STAIRDANCE
  4460 | D:5      | 4460 ||| STAIRDANCE
  4464 | D:5      | 4464 ||| STAIRDANCE
  4468 | D:5      | 4468 ||| STAIRDANCE
  4472 | D:5      | 4472 ||| STAIRDANCE
  4476 | D:5      | 4476 ||| STAIRDANCE
  4480 | D:5      | 4480 ||| STAIRDANCE
  4484 | D:5      | 4484 ||| STAIRDANCE
  4488 | D:5      | 4488 ||| STAIRDANCE
  4492 | D:5      | 4492 ||| STAIRDANCE
  4496 | D:5      | 4496 ||| STAIRDANCE
  4500 | D:5      | 4500 ||| STAIRDANCE
  4504 | D:5      | 4504 ||| STAIRDANCE
  4508 | D:5      | 4508 ||| STAIRDANCE
  4512 | D:5      | 4512 ||| STAIRDANCE
  4516 | D:5      | 4516 ||| STAIRDANCE
  4888 | D:4      | 4888 ||| Stepping randomly (stuck).
  5012 | D:5      | Found a runed translucent gate.
  5012 | D:5      | Found a runed translucent gate.
  5012 | D:5      | Found a runed translucent gate.
  5012 | D:5      | Noticed qw's ghost (novice GrFi)
  5104 | D:5      | Reached XP level 8. HP: 49/49 MP: 8/8
  5195 | D:5      | 5195 ||| Stepping ~*~*~tactically~*~*~ (hiding).
  5389 | D:5      | 5389 ||| Stepping ~*~*~tactically~*~*~ (stealth).
  5403 | D:5      | Reached skill level 8 in Axes
  5428 | D:5      | 5428 ||| Stepping ~*~*~tactically~*~*~ (stealth).
  5457 | D:5      | Found a sacrificial altar of Ru.
  5700 | D:5      | Identified the +11 dagger of the Ancient Persimmons {flame,
                  | rN+++ Will- rCorr SInv}
  5707 | D:5      | Found a shimmering blue altar of Sif Muna.
  5743 | D:5      | Reached skill level 6 in Fighting
  5799 | D:5      | Found Dinug's Assorted Antiques.
  5809 | D:5      | 5809 ||| BUYING 3 scrolls labelled VAOBBI UMAG (87 gold).
  5809 | D:5      | Bought 3 scrolls labelled VAOBBI UMAG for 87 gold pieces
  5809 | D:5      | 5809 ||| BUYING brown potion (26 gold).
  5809 | D:5      | Bought a brown potion for 26 gold pieces
  5809 | D:5      | 5809 ||| BUYING fizzy brown potion (26 gold).
  5809 | D:5      | Bought a fizzy brown potion for 26 gold pieces
  5809 | D:5      | 5809 ||| BUYING fuming coppery potion (26 gold).
  5809 | D:5      | Bought a fuming coppery potion for 26 gold pieces
  5809 | D:5      | 5809 ||| BUYING pair of embroidered gloves (217 gold).
  5809 | D:5      | Bought a pair of embroidered gloves for 217 gold pieces
  5809 | D:5      | 5809 ||| BUYING scroll of identify (58 gold).
  5809 | D:5      | Bought a scroll of identify for 58 gold pieces
  5888 | D:5      | Found a broken altar of Ashenzari.
  5908 | D:5      | 5908 ||| UPGRADING to +0 plate armour.
  5918 | D:5      | 5918 ||| DROPPING +0 scale mail.
  5919 | D:5      | 5919 ||| UPGRADING to +0 pair of gloves of hurling.
  5924 | D:5      | 5924 ||| READING scroll labelled KEURAT OJAG.
  5925 | D:5      | 5925 ||| READING 3 scrolls labelled VAOBBI UMAG.
  5962 | D:5      | 5962 ||| DRINKING 2 fuming coppery potions.
  5963 | D:5      | 5963 ||| READING 3 scrolls of identify.
  5963 | D:5      | 5963 ||| IDENTIFYING murky white potion
  5964 | D:5      | 5964 ||| READING 2 scrolls of identify.
  5964 | D:5      | 5964 ||| IDENTIFYING brown potion
  5965 | D:5      | 5965 ||| DROPPING potion of brilliance.
  5966 | D:5      | 5966 ||| DROPPING 2 scrolls of torment.
  6009 | D:5      | Found a shadowy altar of Dithmenos.
  6010 | D:5      | Found a glowing golden altar of the Shining One.
  6010 | D:5      | Found a white marble altar of Elyvilon.
  6059 | D:6      | 6059 ||| PLANNING OSSUARY
  6068 | D:6      | Noticed Edmund
  6079 | D:6      | Killed Edmund
  6080 | D:6      | Reached XP level 9. HP: 55/56 MP: 9/9
  6173 | D:6      | Found a sand-covered staircase.
  6177 | Ossuary  | Entered an ossuary
  6374 | Ossuary  | Noticed a silent spectre
  6411 | D:6      | 6411 ||| PLANNING D:1-11
  6451 | D:6      | Reached skill level 9 in Axes
  6524 | D:6      | Reached skill level 6 in Armour
  6633 | D:6      | Identified the +3 mace of Ycrysi {antimagic, rElec}
  6647 | D:6      | Noticed Eustachio
  6660 | D:6      | Killed Eustachio
  6726 | D:6      | 6726 ||| Stepping ~*~*~tactically~*~*~ (stealth).
  6828 | D:6      | Noticed Grinder
  6837 | D:6      | Killed Grinder
  7152 | D:6      | Reached XP level 10. HP: 63/63 MP: 10/10
  7167 | D:6      | Reached skill level 10 in Axes
  7187 | D:6      | Found a basalt altar of Yredelemnul.
  7337 | D:6      | Found a runed translucent door.
  7338 | D:6      | Noticed Crazy Yiuf
  7447 | D:6      | 7447 ||| DROPPING ring of magical power.
  7448 | D:6      | 7448 ||| READING scroll labelled QOYROSTEHAMN.
  7449 | D:6      | 7449 ||| READING scroll labelled BECUL LEPRIX.
  7450 | D:6      | 7450 ||| READING 3 scrolls of identify.
  7450 | D:6      | 7450 ||| IDENTIFYING fizzy brown potion
  7587 | D:7      | Noticed Pikel
  7588 | D:7      | 7588 ||| Stepping ~*~*~tactically~*~*~ (stealth).
  7610 | D:7      | Killed Pikel
  7714 | D:7      | Found an ornate altar of the Wu Jian Council.
  7714 | D:7      | Found a hide-covered altar of Uskayaw.
  7754 | D:7      | Noticed Menkaure
  7759 | D:7      | Killed Menkaure
  7828 | D:7      | Found a staircase to the Ecumenical Temple.
  7829 | D:7      | 7829 ||| PLANNING TEMPLE
  7843 | D:7      | 7843 ||| Stepping ~*~*~tactically~*~*~ (hiding).
  7858 | Temple   | Entered the Ecumenical Temple
  7875 | Temple   | 7875 ||| PLANNING OKAWARU WORSHIP
  8018 | Temple   | Became a worshipper of Warmaster Okawaru
  8019 | Temple   | 8019 ||| PLANNING D:1-11
  8050 | D:7      | 8050 ||| Stepping ~*~*~tactically~*~*~ (stealth).
  8052 | D:7      | 8052 ||| Stepping ~*~*~tactically~*~*~ (hiding).
  8105 | D:7      | Noticed Duvessa
  8107 | D:7      | Noticed Dowan
  8121 | D:7      | Killed Duvessa
  8128 | D:7      | Killed Dowan
  8448 | D:7      | Identified the +0 robe of Compassion {rC+}
  8619 | D:7      | 8619 ||| UPGRADING to scarf of repulsion.
  8798 | D:8      | 8798 ||| FLEEEEING.
  8799 | D:8      | 8799 ||| FLEEEEING.
  8801 | D:8      | 8801 ||| FLEEEEING.
  8804 | D:8      | 8804 ||| FLEEEEING.
  8805 | D:8      | 8805 ||| FLEEEEING.
  8806 | D:8      | 8806 ||| FLEEEEING.
  8807 | D:8      | 8807 ||| Stepping ~*~*~tactically~*~*~ (hiding).
  8958 | D:8      | 8958 ||| DRINKING 2 potions of curing.
  8958 | D:8      | 8958 ||| (to cure confusion)
  9044 | D:8      | Noticed a boulder beetle
  9073 | D:8      | Killed a boulder beetle
  9073 | D:8      | Reached * piety under Okawaru
  9074 | D:8      | Reached skill level 6 in Shields
  9222 | D:8      | Reached skill level 3 in Throwing
  9279 | D:8      | 9279 ||| INVOKING Heroism.
  9300 | D:8      | Found a staircase to the Lair.
  9389 | D:8      | Reached skill level 1 in Invocations
  9477 | D:8      | 9477 ||| READING scroll of brand weapon.
  9477 | D:8      | 9477 ||| BRANDING +1 war axe of protection.
  9478 | D:8      | 9478 ||| DROPPING +0 morningstar.
  9773 | D:8      | 9773 ||| PLANNING LAIR
  9828 | Lair:1   | Entered Level 1 of the Lair of Beasts
  9926 | Lair:1   | Noticed a cane toad
  9927 | Lair:1   | 9927 ||| Stepping ~*~*~tactically~*~*~ (stealth).
  9929 | Lair:1   | 9929 ||| INVOKING Heroism.
  9938 | Lair:1   | Killed a cane toad
 10009 | Lair:1   | 10009 ||| INVOKING Heroism.
 10016 | Lair:1   | Reached skill level 3 in Invocations
 10022 | Lair:1   | 10022 ||| INVOKING Heroism.
 10030 | Lair:1   | Reached XP level 11. HP: 62/68 MP: 9/13
 10036 | Lair:1   | 10036 ||| INVOKING Heroism.
 10148 | Lair:1   | Reached skill level 11 in Axes
 10162 | Lair:1   | Found a shimmering blue altar of Sif Muna.
 10174 | Lair:1   | 10174 ||| INVOKING Heroism.
 10716 | Lair:2   | 10716 ||| INVOKING Heroism.
 10764 | Lair:2   | 10764 ||| INVOKING Heroism.
 10934 | Lair:2   | 10934 ||| INVOKING Heroism.
 10980 | Lair:2   | Found a staircase to the Swamp.
 11037 | Lair:2   | Found a staircase to the Snake Pit.
 11043 | Lair:2   | Reached skill level 9 in Fighting
 11052 | Lair:2   | 11052 ||| INVOKING Heroism.
 11236 | Lair:2   | Noticed a death yak
 11237 | Lair:2   | 11237 ||| INVOKING Heroism.
 11238 | Lair:2   | Noticed a death yak
 11239 | Lair:2   | 11239 ||| Stepping ~*~*~tactically~*~*~ (stealth).
 11239 | Lair:2   | Noticed a death yak
 11241 | Lair:2   | Noticed a death yak
 11243 | Lair:2   | Noticed a death yak
 11244 | Lair:2   | Noticed a death yak
 11246 | Lair:2   | Killed a death yak
 11259 | Lair:2   | Killed a death yak
 11259 | Lair:2   | Reached ** piety under Okawaru
 11263 | Lair:2   | HP: 17/71 [death yak (2)]
 11263 | Lair:2   | HP: 3/71 [death yak (14)]
 11264 | Lair:2   | 11264 ||| READING 9 scrolls of teleportation.
 11265 | Lair:2   | 11265 ||| DRINKING 2 potions of heal wounds.
 11266 | Lair:2   | Killed a death yak
 11267 | Lair:2   | Killed a death yak
 11268 | Lair:2   | Reached skill level 12 in Axes
 11431 | Lair:2   | Noticed a death yak
 11432 | Lair:2   | 11432 ||| INVOKING Heroism.
 11433 | Lair:2   | Noticed a death yak
 11433 | Lair:2   | Noticed a death yak
 11434 | Lair:2   | 11434 ||| Stepping ~*~*~tactically~*~*~ (stealth).
 11436 | Lair:2   | Noticed a death yak
 11453 | Lair:2   | HP: 15/71 [death yak (15)]
 11454 | Lair:2   | 11454 ||| READING 8 scrolls of teleportation.
 11454 | Lair:2   | HP: 6/71 [death yak (7)]
 11455 | Lair:2   | 11455 ||| DRINKING potion of heal wounds.
 11716 | Lair:2   | 11716 ||| INVOKING Heroism.
 11722 | Lair:2   | Killed a death yak
 11723 | Lair:2   | Noticed Nergalle
 11732 | Lair:2   | Killed a death yak
 11732 | Lair:2   | Reached *** piety under Okawaru
 11732 | Lair:2   | Received a gift from Okawaru
 11733 | Lair:2   | Reached skill level 9 in Armour
 11740 | Lair:2   | Noticed a spectral orc warlord
 11742 | Lair:2   | 11742 ||| INVOKING Heroism.
 11746 | Lair:2   | HP: 15/71 [spectral orc warlord[Nergalle] (10)]
 11747 | Lair:2   | 11747 ||| READING 7 scrolls of teleportation.
 11749 | Lair:2   | Killed Nergalle
 11750 | Lair:2   | Reached skill level 3 in Dodging
 11750 | Lair:2   | Reached XP level 12. HP: 17/76 MP: 12/15
 12057 | Lair:2   | 12057 ||| INVOKING Heroism.
 12062 | Lair:2   | Killed a death yak
 12071 | Lair:2   | Killed a death yak
 12077 | Lair:2   | Killed a death yak
 12077 | Lair:2   | Received a gift from Okawaru
 12085 | Lair:2   | Killed a death yak
 12208 | Lair:2   | 12208 ||| INVOKING Heroism.
 12216 | Lair:2   | 12216 ||| Stepping ~*~*~tactically~*~*~ (stealth).
 12304 | Lair:2   | 12304 ||| INVOKING Heroism.
 12315 | Lair:2   | 12315 ||| Stepping ~*~*~tactically~*~*~ (stealth).
 12327 | Lair:2   | 12327 ||| INVOKING Heroism.
 12431 | Lair:2   | You fall into a shaft and drop 1 floor!
 12451 | Lair:3   | Reached **** piety under Okawaru
 12455 | Lair:3   | Reached skill level 13 in Axes
 12649 | Lair:3   | Noticed a six-headed hydra
 12650 | Lair:3   | 12650 ||| INVOKING Heroism.
 12653 | Lair:3   | Killed a five-headed hydra
 12653 | Lair:3   | Noticed an eight-headed hydra
 12656 | Lair:3   | 12656 ||| Stepping ~*~*~tactically~*~*~ (hiding).
 12669 | Lair:3   | Killed a four-headed hydra
 12764 | Lair:3   | 12764 ||| Stepping ~*~*~tactically~*~*~ (stealth).
 12772 | Lair:3   | 12772 ||| Stepping ~*~*~tactically~*~*~ (stealth).
 12785 | Lair:3   | 12785 ||| INVOKING Heroism.
 12801 | Lair:3   | 12801 ||| Stepping ~*~*~tactically~*~*~ (stealth).
 12813 | Lair:3   | 12813 ||| INVOKING Heroism.
 12834 | Lair:3   | Noticed Kirke
 12835 | Lair:3   | 12835 ||| INVOKING Heroism.
 12847 | Lair:3   | Killed Kirke
 12848 | Lair:3   | Reached skill level 6 in Invocations
 12863 | Lair:3   | 12863 ||| INVOKING Heroism.
 13082 | Lair:3   | Reached XP level 13. HP: 80/82 MP: 18/18
 13204 | Lair:3   | 13204 ||| Stepping ~*~*~tactically~*~*~ (stealth).
 13205 | Lair:3   | 13205 ||| INVOKING Heroism.
 13212 | Lair:3   | 13212 ||| Stepping ~*~*~tactically~*~*~ (stealth).
 13214 | Lair:3   | 13214 ||| Stepping ~*~*~tactically~*~*~ (stealth).
 13219 | Lair:3   | 13219 ||| Stepping ~*~*~tactically~*~*~ (stealth).
 13223 | Lair:3   | 13223 ||| Stepping ~*~*~tactically~*~*~ (stealth).
 13508 | Lair:3   | Reached ***** piety under Okawaru
 13514 | Lair:3   | 13514 ||| INVOKING Heroism.
 13815 | Lair:3   | 13815 ||| READING scroll of brand weapon.
 13815 | Lair:3   | 13815 ||| BRANDING +1 war axe of flaming.
 13921 | Lair:3   | 13921 ||| DROPPING orb of wrath.
 13922 | Lair:3   | 13922 ||| UPGRADING to amulet of faith.
 13927 | Lair:3   | 13927 ||| DROPPING ring of wizardry.
 13928 | Lair:3   | 13928 ||| UPGRADING to ring of see invisible.
 13958 | Lair:4   | 13958 ||| INVOKING Heroism.
 13974 | Lair:4   | 13974 ||| STAIRDANCE
 13976 | Lair:3   | Received a gift from Okawaru
 13977 | Lair:3   | Reached skill level 14 in Axes
 14154 | Lair:4   | 14154 ||| Stepping ~*~*~tactically~*~*~ (stealth).
 14181 | Lair:4   | 14181 ||| INVOKING Heroism.
 14258 | Lair:4   | 14258 ||| Stepping ~*~*~tactically~*~*~ (stealth).
 14260 | Lair:4   | 14260 ||| INVOKING Heroism.
 14266 | Lair:4   | 14266 ||| Stepping ~*~*~tactically~*~*~ (stealth).
 14275 | Lair:4   | 14275 ||| Stepping ~*~*~tactically~*~*~ (stealth).
 14278 | Lair:4   | 14278 ||| Stepping ~*~*~tactically~*~*~ (stealth).
 14349 | Lair:4   | 14349 ||| INVOKING Heroism.
 14367 | Lair:4   | Reached skill level 9 in Invocations
 14437 | Lair:4   | 14437 ||| INVOKING Heroism.
 14505 | Lair:4   | 14505 ||| Stepping ~*~*~tactically~*~*~ (hiding).
 14840 | Lair:4   | 14840 ||| READING scroll labelled XIGOHA ZOROPP.
 14841 | Lair:4   | 14841 ||| READING scroll labelled WAXKAO KOFREO.
 14854 | Lair:5   | Entered Level 5 of the Lair of Beasts
 14857 | Lair:5   | 14857 ||| READING scroll of brand weapon.
 14857 | Lair:5   | 14857 ||| BRANDING +1 war axe of draining.
 14860 | Lair:5   | 14860 ||| INVOKING Heroism.
 14880 | Lair:5   | 14880 ||| INVOKING Finesse.
 15051 | Lair:5   | 15051 ||| INVOKING Heroism.
 15052 | Lair:5   | 15052 ||| INVOKING Finesse.
 15053 | Lair:5   | 15053 ||| Stepping ~*~*~tactically~*~*~ (stealth).
 15056 | Lair:5   | 15056 ||| Stepping ~*~*~tactically~*~*~ (stealth).
 15057 | Lair:5   | 15057 ||| Stepping ~*~*~tactically~*~*~ (stealth).
 15131 | Lair:5   | 15131 ||| INVOKING Heroism.
 15132 | Lair:5   | 15132 ||| INVOKING Finesse.
 15136 | Lair:5   | 15136 ||| SWAPPING to +0 mace.
 15143 | Lair:5   | 15143 ||| SWAPPING to +1 war axe of electrocution.
 15175 | Lair:5   | Received a gift from Okawaru
 15186 | Lair:5   | 15186 ||| Stepping ~*~*~tactically~*~*~ (stealth).
 15189 | Lair:5   | 15189 ||| INVOKING Heroism.
 15212 | Lair:5   | Gained mutation: Your large and strong wings let you fly.
                  | [Gargoyle growth]
 15212 | Lair:5   | Reached XP level 14. HP: 90/90 MP: 17/21
 15325 | Lair:5   | Found a staircase to the Slime Pits.
 15326 | Lair:5   | Found a viscous altar of Jiyva.
 15343 | Lair:5   | 15343 ||| FLEEEEING.
 15344 | Lair:5   | 15344 ||| FLEEEEING.
 15345 | Lair:5   | 15345 ||| FLEEEEING.
 15346 | Lair:5   | 15346 ||| FLEEEEING.
 15347 | Lair:5   | 15347 ||| FLEEEEING.
 15348 | Lair:5   | 15348 ||| FLEEEEING.
 15349 | Lair:5   | 15349 ||| FLEEEEING.
 15443 | Lair:5   | Reached skill level 15 in Axes
 15447 | Lair:5   | 15447 ||| INVOKING Heroism.
 15460 | Lair:5   | Received a gift from Okawaru
 15644 | Lair:5   | 15644 ||| Stepping ~*~*~tactically~*~*~ (stealth).
 15648 | Lair:5   | 15648 ||| INVOKING Heroism.
 15663 | Lair:5   | 15663 ||| Stepping ~*~*~tactically~*~*~ (stealth).
 15667 | Lair:5   | 15667 ||| Stepping ~*~*~tactically~*~*~ (stealth).
 15671 | Lair:5   | 15671 ||| Stepping ~*~*~tactically~*~*~ (stealth).
 15680 | Lair:5   | 15680 ||| Stepping ~*~*~tactically~*~*~ (stealth).
 15703 | Lair:5   | 15703 ||| FLEEEEING.
 15704 | Lair:5   | 15704 ||| FLEEEEING.
 15705 | Lair:5   | 15705 ||| FLEEEEING.
 15706 | Lair:5   | 15706 ||| FLEEEEING.
 15707 | Lair:5   | 15707 ||| FLEEEEING.
 15708 | Lair:5   | 15708 ||| FLEEEEING.
 15709 | Lair:5   | 15709 ||| FLEEEEING.
 15710 | Lair:5   | 15710 ||| FLEEEEING.
 15711 | Lair:5   | 15711 ||| FLEEEEING.
 15712 | Lair:5   | 15712 ||| FLEEEEING.
 15713 | Lair:5   | 15713 ||| FLEEEEING.
 15718 | Lair:5   | 15718 ||| INVOKING Heroism.
 15722 | Lair:5   | Received a gift from Okawaru
 15792 | Lair:5   | 15792 ||| Stepping ~*~*~tactically~*~*~ (stealth).
 15816 | Lair:5   | 15816 ||| Stepping ~*~*~tactically~*~*~ (stealth).
 15836 | Lair:5   | 15836 ||| Stepping ~*~*~tactically~*~*~ (hiding).
 15851 | Lair:5   | 15851 ||| INVOKING Heroism.
 15867 | Lair:5   | 15867 ||| Stepping ~*~*~tactically~*~*~ (stealth).
 15974 | Lair:5   | 15974 ||| INVOKING Heroism.
 15975 | Lair:5   | 15975 ||| INVOKING Finesse.
 15983 | Lair:5   | 15983 ||| SWAPPING to +0 mace.
 15986 | Lair:5   | 15986 ||| SWAPPING to +1 war axe of electrocution.
 15987 | Lair:5   | 15987 ||| Stepping ~*~*~tactically~*~*~ (stealth).
 16004 | Lair:5   | 16004 ||| Stepping ~*~*~tactically~*~*~ (stealth).
 16005 | Lair:5   | 16005 ||| Stepping ~*~*~tactically~*~*~ (stealth).
 16025 | Lair:5   | 16025 ||| Stepping ~*~*~tactically~*~*~ (stealth).
 16034 | Lair:5   | 16034 ||| INVOKING Heroism.
 16071 | Lair:5   | 16071 ||| Stepping ~*~*~tactically~*~*~ (stealth).
 16072 | Lair:5   | 16072 ||| Stepping ~*~*~tactically~*~*~ (stealth).
 16073 | Lair:5   | 16073 ||| Stepping ~*~*~tactically~*~*~ (stealth).
 16077 | Lair:5   | 16077 ||| Stepping ~*~*~tactically~*~*~ (stealth).
 16163 | Lair:5   | 16163 ||| READING scroll of brand weapon.
 16163 | Lair:5   | 16163 ||| BRANDING +1 war axe of electrocution.
 16225 | Lair:5   | 16225 ||| Stepping ~*~*~tactically~*~*~ (stealth).
 16341 | Lair:5   | 16341 ||| Stepping ~*~*~tactically~*~*~ (stealth).
 16354 | Lair:5   | 16354 ||| Stepping ~*~*~tactically~*~*~ (hiding).
 16590 | Lair:5   | 16590 ||| Stepping ~*~*~tactically~*~*~ (stealth).
 16592 | Lair:5   | 16592 ||| Stepping ~*~*~tactically~*~*~ (hiding).
 16612 | Lair:5   | 16612 ||| Stepping ~*~*~tactically~*~*~ (stealth).
 16614 | Lair:5   | 16614 ||| Stepping ~*~*~tactically~*~*~ (hiding).
 16677 | Lair:5   | 16677 ||| FLEEEEING.
 16678 | Lair:5   | 16678 ||| FLEEEEING.
 16684 | Lair:5   | Reached skill level 12 in Fighting
 16717 | Lair:5   | 16717 ||| Stepping ~*~*~tactically~*~*~ (stealth).
 16718 | Lair:5   | 16718 ||| Stepping ~*~*~tactically~*~*~ (stealth).
 16734 | Lair:5   | 16734 ||| FLEEEEING.
 16843 | Lair:5   | 16843 ||| Stepping ~*~*~tactically~*~*~ (stealth).
 16844 | Lair:5   | 16844 ||| Stepping ~*~*~tactically~*~*~ (stealth).
 16847 | Lair:5   | 16847 ||| Stepping ~*~*~tactically~*~*~ (hiding).
 16870 | Lair:5   | 16870 ||| Stepping ~*~*~tactically~*~*~ (stealth).
 16871 | Lair:5   | 16871 ||| Stepping ~*~*~tactically~*~*~ (stealth).
 16896 | Lair:5   | 16896 ||| FLEEEEING.
 16948 | Lair:5   | 16948 ||| Stepping ~*~*~tactically~*~*~ (stealth).
 16949 | Lair:5   | 16949 ||| Stepping ~*~*~tactically~*~*~ (stealth).
 16955 | Lair:5   | 16955 ||| Stepping ~*~*~tactically~*~*~ (hiding).
 16957 | Lair:5   | 16957 ||| INVOKING Heroism.
 16958 | Lair:5   | 16958 ||| INVOKING Finesse.
 17031 | Lair:5   | 17031 ||| DROPPING +0 mace.
 17154 | Lair:5   | 17154 ||| INVOKING Heroism.
 17157 | Lair:5   | 17157 ||| SWAPPING to +0 morningstar.
 17163 | Lair:5   | 17163 ||| SWAPPING to +1 spectral war axe.
 17360 | Lair:5   | 17360 ||| PLANNING D:1-11
 17360 | Lair:5   | 17360 ||| DROPPING +1 helmet of intelligence.
 17361 | Lair:5   | 17361 ||| UPGRADING to +5 ring of evasion.
 17363 | Lair:5   | 17363 ||| READING scroll labelled LIKOINK ZOAFE.
 17363 | Lair:5   | Identified a scroll of acquirement
 17363 | Lair:5   | 17363 ||| ACQUIRING +0 broad axe of electrocution
 17363 | Lair:5   | Acquired a +0 broad axe of electrocution
 17365 | Lair:5   | 17365 ||| READING 7 scrolls of identify.
 17365 | Lair:5   | 17365 ||| IDENTIFYING grey potion
 17366 | Lair:5   | 17366 ||| DROPPING potion of berserk rage.
 17496 | D:9      | 17496 ||| Stepping ~*~*~tactically~*~*~ (cloud).
 17505 | D:9      | 17505 ||| Stepping ~*~*~tactically~*~*~ (cloud).
 17506 | D:9      | 17506 ||| STAIRDANCE
 17556 | D:9      | 17556 ||| Stepping ~*~*~tactically~*~*~ (stealth).
 17558 | D:9      | 17558 ||| Stepping ~*~*~tactically~*~*~ (stealth).
 17560 | D:9      | 17560 ||| Stepping ~*~*~tactically~*~*~ (hiding).
 17707 | D:9      | 17707 ||| Stepping ~*~*~tactically~*~*~ (hiding).
 17714 | D:9      | 17714 ||| DRINKING 4 potions of curing.
 17714 | D:9      | 17714 ||| (to cure confusion)
 17718 | D:9      | 17718 ||| Stepping ~*~*~tactically~*~*~ (hiding).
 17724 | D:9      | 17724 ||| Stepping ~*~*~tactically~*~*~ (hiding).
 17951 | D:9      | 17951 ||| INVOKING Heroism.
 18207 | D:9      | 18207 ||| READING scroll labelled WOXUUTUMEA.
 18208 | D:9      | 18208 ||| READING 7 scrolls of identify.
 18208 | D:9      | 18208 ||| IDENTIFYING fuming amethyst potion
 18229 | D:10     | Entered Level 10 of the Dungeon
 18285 | D:10     | 18285 ||| Stepping ~*~*~tactically~*~*~ (stealth).
 18472 | D:10     | Identified the +0 chain mail "Apiaghol" {Will+ Str+3}
 19187 | D:10     | 19187 ||| UPGRADING to +0 chain mail "Apiaghol" {Will+
                  | Str+3}.
 19197 | D:10     | 19197 ||| DROPPING ring of positive energy.
 19198 | D:10     | 19198 ||| READING 7 scrolls of identify.
 19198 | D:10     | 19198 ||| IDENTIFYING fuming clear potion
 19199 | D:10     | 19199 ||| READING 6 scrolls of identify.
 19199 | D:10     | 19199 ||| IDENTIFYING bubbling blue potion
 19268 | D:11     | Found a burning altar of Makhleb.
 19293 | D:11     | 19293 ||| Stepping ~*~*~tactically~*~*~ (stealth).
 19405 | D:11     | Found a staircase to the Orcish Mines.
 19434 | D:11     | 19434 ||| INVOKING Heroism.
 19436 | D:11     | Reached skill level 16 in Axes
 19437 | D:11     | Received a gift from Okawaru
 19558 | D:11     | 19558 ||| INVOKING Heroism.
 19559 | D:11     | 19559 ||| INVOKING Finesse.
 19762 | D:11     | 19762 ||| Stepping ~*~*~tactically~*~*~ (hiding).
 19900 | D:11     | Identified the +3 leather armour of the Kettle-Drum
                  | {Rampage rN+}
 20264 | D:11     | 20264 ||| PLANNING D
 20302 | D:12     | Reached XP level 15. HP: 87/96 MP: 22/22
 20331 | D:12     | 20331 ||| Stepping ~*~*~tactically~*~*~ (hiding).
 20332 | D:12     | 20332 ||| Stepping ~*~*~tactically~*~*~ (hiding).
 20360 | D:12     | 20360 ||| Stepping ~*~*~tactically~*~*~ (hiding).
 20486 | D:12     | 20486 ||| Stepping ~*~*~tactically~*~*~ (hiding).
 20526 | D:12     | 20526 ||| Stepping ~*~*~tactically~*~*~ (stealth).
 20586 | D:12     | Received a gift from Okawaru
 20860 | D:12     | Identified the +8 sling of the Priest {drain, *Slow rPois
                  | Will- Str+7}
 20959 | D:12     | 20959 ||| Stepping ~*~*~tactically~*~*~ (stealth).
 21059 | D:13     | 21059 ||| STAIRDANCE
 21061 | D:12     | 21061 ||| INVOKING Heroism.
 21258 | D:13     | Received a gift from Okawaru
 21336 | D:13     | You are sucked into a shaft and drop 2 floors!
 21336 | D:15     | Entered Level 15 of the Dungeon
 21338 | D:15     | 21338 ||| Stepping ~*~*~tactically~*~*~ (hiding).
 21340 | D:15     | Noticed Rupert
 21341 | D:15     | 21341 ||| INVOKING Heroism.
 21342 | D:15     | 21342 ||| INVOKING Finesse.
 21353 | D:15     | Killed Rupert
 21358 | D:15     | Received a gift from Okawaru
 21359 | D:15     | Reached skill level 6 in Throwing
 21385 | D:15     | Reached skill level 9 in Shields
 21386 | D:15     | Found a staircase to the Depths.
 21403 | D:15     | 21403 ||| FLEEEEING.
 21404 | D:15     | 21404 ||| FLEEEEING.
 21405 | D:15     | 21405 ||| FLEEEEING.
 21406 | D:15     | 21406 ||| FLEEEEING.
 21407 | D:15     | 21407 ||| FLEEEEING.
 21408 | D:15     | 21408 ||| FLEEEEING.
 21409 | D:15     | 21409 ||| FLEEEEING.
 21410 | D:15     | 21410 ||| FLEEEEING.
 21412 | D:15     | 21412 ||| FLEEEEING.
 21413 | D:15     | 21413 ||| FLEEEEING.
 21414 | D:15     | 21414 ||| STAIRDANCE
 21416 | D:14     | 21416 ||| INVOKING Heroism.
 21631 | D:14     | 21631 ||| INVOKING Heroism.
 21672 | D:13     | 21672 ||| Stepping ~*~*~tactically~*~*~ (hiding).
 21675 | D:13     | 21675 ||| Stepping ~*~*~tactically~*~*~ (stealth).
 21676 | D:13     | 21676 ||| Stepping ~*~*~tactically~*~*~ (stealth).
 21699 | D:13     | 21699 ||| Stepping ~*~*~tactically~*~*~ (stealth).
 21700 | D:13     | 21700 ||| Stepping ~*~*~tactically~*~*~ (stealth).
 21704 | D:13     | 21704 ||| Stepping ~*~*~tactically~*~*~ (stealth).
 21717 | D:13     | 21717 ||| Stepping ~*~*~tactically~*~*~ (stealth).
 21722 | D:13     | 21722 ||| Stepping ~*~*~tactically~*~*~ (stealth).
 21829 | D:13     | 21829 ||| INVOKING Heroism.
 21902 | D:13     | Found a gate to the Vaults.
 21912 | D:13     | 21912 ||| Stepping ~*~*~tactically~*~*~ (stealth).
 21963 | D:13     | 21963 ||| INVOKING Heroism.
 22261 | D:13     | 22261 ||| READING scroll of enchant weapon.
 22261 | D:13     | 22261 ||| ENCHANTING +1 spectral war axe.
 22493 | D:14     | 22493 ||| Stepping ~*~*~tactically~*~*~ (hiding).
 22603 | D:14     | 22603 ||| INVOKING Heroism.
 22606 | D:14     | Identified the +0 scale mail of Omission {rF+ Str+3 Stlth+}
                  | (Okawaru gifted it to you on level 14 of the Dungeon)
 22606 | D:14     | Received a gift from Okawaru
 22807 | D:14     | Identified the +1 ring mail "Put-Me-On" {rN+ Int+3}
 22833 | D:14     | Found a glowing golden altar of the Shining One.
 23234 | D:14     | Reached skill level 15 in Fighting
 23385 | D:14     | 23385 ||| UPGRADING to +0 kite shield.
 23395 | D:14     | 23395 ||| DROPPING +0 buckler.
 23396 | D:14     | 23396 ||| DROPPING amulet of magic regeneration.
 23411 | D:15     | 23411 ||| INVOKING Heroism.
 23412 | D:15     | 23412 ||| INVOKING Finesse.
 23413 | D:15     | 23413 ||| Stepping ~*~*~tactically~*~*~ (stealth).
 23414 | D:15     | 23414 ||| Stepping ~*~*~tactically~*~*~ (stealth).
 23415 | D:15     | 23415 ||| Stepping ~*~*~tactically~*~*~ (hiding).
 23416 | D:15     | 23416 ||| SWAPPING to +0 morningstar.
 23423 | D:15     | 23423 ||| SWAPPING to +2 spectral war axe.
 23540 | D:15     | 23540 ||| SWAPPING to +2 vampiric war axe.
 23549 | D:15     | 23549 ||| Stepping ~*~*~tactically~*~*~ (stealth).
 23550 | D:15     | 23550 ||| INVOKING Heroism.
 23590 | D:15     | 23590 ||| Stepping ~*~*~tactically~*~*~ (stealth).
 23644 | D:15     | 23644 ||| INVOKING Heroism.
 23646 | D:15     | 23646 ||| Stepping ~*~*~tactically~*~*~ (stealth).
 23656 | D:15     | Reached XP level 16. HP: 108/108 MP: 21/23
 23847 | D:15     | 23847 ||| INVOKING Heroism.
 23894 | D:15     | 23894 ||| INVOKING Heroism.
 23973 | D:15     | Noticed Roxanne
 23974 | D:15     | 23974 ||| Stepping ~*~*~tactically~*~*~ (hiding).
 23977 | D:15     | 23977 ||| Stepping ~*~*~tactically~*~*~ (hiding).
 23998 | D:15     | 23998 ||| Stepping ~*~*~tactically~*~*~ (stealth).
 24003 | D:15     | 24003 ||| INVOKING Heroism.
 24042 | D:15     | Killed Roxanne
 24083 | D:15     | 24083 ||| READING scroll of enchant weapon.
 24083 | D:15     | 24083 ||| ENCHANTING +2 vampiric war axe.
 24254 | D:15     | Found a bloodstained altar of Trog.
 24290 | D:15     | 24290 ||| PLANNING ORC
 24290 | D:15     | 24290 ||| DROPPING +0 scale mail of Omission {rF+ Str+3
                  | Stlth+}.
 24291 | D:15     | 24291 ||| UPGRADING to +2 chain mail of fire resistance.
 24411 | Orc:1    | Entered Level 1 of the Orcish Mines
 24419 | Orc:1    | 24419 ||| STAIRDANCE
 24493 | Orc:1    | 24493 ||| Stepping ~*~*~tactically~*~*~ (hiding).
 24499 | Orc:1    | 24499 ||| Stepping ~*~*~tactically~*~*~ (stealth).
 24500 | Orc:1    | 24500 ||| Stepping ~*~*~tactically~*~*~ (stealth).
 24501 | Orc:1    | 24501 ||| Stepping ~*~*~tactically~*~*~ (stealth).
 24513 | Orc:1    | Reached skill level 12 in Shields
 24621 | Orc:1    | 24621 ||| INVOKING Heroism.
 24649 | Orc:1    | 24649 ||| INVOKING Heroism.
 24690 | Orc:1    | 24690 ||| Stepping ~*~*~tactically~*~*~ (stealth).
 24693 | Orc:1    | 24693 ||| Stepping ~*~*~tactically~*~*~ (hiding).
 24706 | Orc:1    | 24706 ||| INVOKING Heroism.
 24966 | Orc:1    | 24966 ||| DROPPING +0 plate armour.
 24985 | Orc:2    | Entered Level 2 of the Orcish Mines
 24986 | Orc:2    | 24986 ||| PLANNING BAZAAR
 24987 | Orc:2    | 24987 ||| INVOKING Heroism.
 25000 | Orc:2    | Paralysed by an orc sorcerer for 4 turns
 25003 | Orc:2    | HP: 5/108 [orc knight/+3 battleaxe (29)]
 25003 | Orc:2    | Mangled by an orc warrior

Levels and vault maps discovered:
D:1:      dpeg_arrival_rooms_a, layout_basic, serial_shops,
          nicolae_shop_rolled_up, hellmonk_ecumenical_altar_leap_of_faith
D:2:      layout_basic, basic_altar, minmay_tetromino_o2
D:3:      layout_loops_corners, uniq_natasha
D:4:      minmay_general_purpose_star, layout_basic,
          nicolae_overflow_hidden_temple, serial_park_tiny_2
D:5:      minmay_polygon_palace, layout_cave_pods, kennysheep_little_box,
          mainiacjoe_overflow_alcove_2,
          chequers_temple_overflow_statue_of_worship,
          nicolae_overflow_crystal_walls, serial_shops, nicolae_shop_crystal,
          gammafunk_ghost_nasty_kobolds
D:6:      layout_cave_pods, lemuel_mausoleum_altar_yredelemnul,
          lightli_ossuary_entry_decrepit_ruins, uniq_eustachio, uniq_grinder,
          uniq_crazy_yiuf_cottage, uniq_edmund
D:7:      layout_loops_ring, nicolae_overflow_two_pavilions,
          minmay_temple_entry_arrows, uniq_pikel, uniq_menkaure, uniq_duvessa
D:8:      layout_basic, lair_entry_dummy, minmay_quadrilaterals
D:9:      layout_roguey
D:10:     layout_basic
D:11:     layout_basic, orc_0_dummy, hangedman_abyss_or_decor_stabs,
          bloody_makhleb
D:12:     layout_basic, minmay_misc_feat_rows
D:13:     layout_basic, erik_vaults_1
D:14:     layout_roguey, minmay_misc_feat_rugged, grunt_ministairs_2, tso_altar
D:15:     gammafunk_depths_entry_grave, layout_rooms, bloody_trog,
          portal_ice_cave_entry_pillars_three, serial_bayou_lake_a, uniq_rupert,
          uniq_roxanne
Temple:   hellmonk_temple_flake
Lair:1:   layout_regular_city, basic_altar, serial_forest,
          infiniplex_forest_clump_diagonal, infiniplex_forest_clump_diagonal,
          infiniplex_forest_corner_2, infiniplex_forest_clump_medium,
          infiniplex_forest_end_double, infiniplex_forest_straight_4,
          chequers_serial_rivers_room_b, serial_bayou_shore_b
Lair:2:   layout_long_grid, swamp_mist_pool, minmay_snake_entry_guardpost_small,
          uniq_nergalle
Lair:3:   layout_cave_pods, minivault_19, grunt_megastairs_4, uniq_kirke
Lair:4:   layout_misc_corridors, st_stairs_9, infiniplex_staircase_pool
Lair:5:   guppyfry_lair_end_dragon, layout_gridlike,
          hangedman_lair_caniforms_friends, slime_entry_1,
          infiniplex_staircase_pool_2
Orc:1:    layout_diamond_mine, basic_altar, minmay_orc_temple_c
Orc:2:    pf_orc_diabolical, layout_caves, serial_shops, bzr_entry_customers,
          basic_altar, uniq_jorgrun

Skill      XL: |  1  2  3  4  5  6  7  8  9 10 11 12 13 14 15 16 |
---------------+-------------------------------------------------+-----
Axes           | 2 3 4 5 6 7 8 9 10 12 13 14 16 | 16.0
Dodging        | 1 2 3 4 |  4.1
Fighting       | 4 5 6 7 8 9 10 11 12 15 | 15.0
Throwing       | 1 2 3 5 6 |  6.3
Armour         | 4 6 7 9 10 11 | 11.0
Shields        | 4 6 7 8 10 12 | 12.7
Invocations    | 3 4 6 10 | 10.0

Action                     |  1- 3 |  4- 6 |  7- 9 | 10-12 | 13-15 | 16-18 || total
---------------------------+-------+-------+-------+-------+-------+-------++-------
  Melee: War axe           |   111 |   159 |   318 |   448 |   976 |   270 ||  2282
         Mace              |       |       |       |       |     6 |       ||     6
         Morningstar       |       |       |       |       |    11 |       ||    11
  Throw: Boomerang         |       |     6 |    55 |    88 |   250 |     7 ||   406
         Javelin           |       |       |    70 |    42 |    61 |     6 ||   179
 Invoke: Heroism           |       |       |       |    23 |    32 |     7 ||    62
         Finesse           |       |       |       |       |     8 |       ||     8
    Use: Scroll            |     4 |     4 |     8 |     7 |    12 |     1 ||    36
         Potion            |       |     2 |     1 |     3 |     1 |       ||     7
   Stab: Distracted        |       |       |       |       |    14 |       ||    14
 Armour: Scale mail        |    76 |    56 |   104 |       |       |       ||   236
         Plate armour      |       |       |    74 |   288 |   373 |       ||   735
         Chain mail        |       |       |       |       |   107 |    63 ||   170
  Dodge: Dodged            |    48 |    75 |   134 |   129 |   351 |    76 ||   813
         Repelled          |       |       |       |     1 |     9 |     2 ||    12
  Block: Buckler           |    21 |    31 |    75 |   122 |   188 |       ||   437
         Kite shield       |       |       |       |       |    13 |   113 ||   126

Table legend:
 A = Non-vault XP
 B = Vault XP
 C = Vault XP percentage of total XP
 D = Non-vault monster count
 E = Vault monster count
 F = Vault count percentage of total count
                 A         B        C        D         E       F
            +---------+---------+-------+---------+---------+-------
      Total |  102850 |   42448 |  29.2 |     493 |     218 |  30.7
            +---------+---------+-------+---------+---------+-------
        D:1 |      73 |       0 |   0.0 |      35 |       0 |   0.0
        D:2 |      53 |      15 |  22.1 |      17 |       2 |  10.5
        D:3 |     182 |      35 |  16.1 |      15 |       1 |   6.2
        D:4 |     461 |     136 |  22.8 |      35 |       7 |  16.7
        D:5 |     521 |     728 |  58.3 |      15 |      16 |  51.6
        D:6 |     945 |    1159 |  55.1 |      13 |      15 |  53.6
        D:7 |     511 |     996 |  66.1 |      11 |       4 |  26.7
        D:8 |     412 |     985 |  70.5 |      12 |       4 |  25.0
        D:9 |    2486 |       0 |   0.0 |      25 |       0 |   0.0
       D:10 |    2271 |       0 |   0.0 |      17 |       0 |   0.0
       D:11 |    4823 |       0 |   0.0 |      31 |       0 |   0.0
       D:12 |    4995 |       0 |   0.0 |      32 |       0 |   0.0
       D:13 |    8351 |    1654 |  16.5 |      27 |       2 |   6.9
       D:14 |    7307 |     922 |  11.2 |      14 |       4 |  22.2
       D:15 |   19181 |    8937 |  31.8 |      35 |      10 |  22.2
     Lair:1 |    2875 |       0 |   0.0 |      12 |       0 |   0.0
     Lair:2 |   11607 |    1259 |   9.8 |      25 |       4 |  13.8
     Lair:3 |    8940 |    4921 |  35.5 |      26 |      12 |  31.6
     Lair:4 |    4605 |     504 |   9.9 |      18 |       2 |  10.0
     Lair:5 |   19157 |   15232 |  44.3 |      49 |      78 |  61.4
      Orc:1 |    2871 |    4367 |  60.3 |      24 |      34 |  58.6
      Orc:2 |     223 |       0 |   0.0 |       5 |       0 |   0.0
    Ossuary |       0 |     598 | 100.0 |       0 |      23 | 100.0
            +---------+---------+-------+---------+---------+-------
